AoeStats
← OGSassy

Arena

508137133Analyzed
2v2 RM · 13d ago on Sep 21, 2026· 35m 12s· 4 players
Game mode
Random Map
Map size
Medium (4 player)
Population
200
Speed
Normal
Resources
Standard
Victory
Conquest
Starting age
Dark Age
Ending age
Imperial Age
RankedLock teamsTeams togetherTeam positionsShared explorationLock speedFull tech treeHidden civsTurbo modeCheats
Victory
Defeat
🇦🇷 Turks · Argentina
786
+16
🇨🇳 Malay · China
739
+18
🇨🇦 Persians · Canada
836
-18
🇨🇴 Ethiopians · Colombia
750
-16
Masepulvedah1
0:41 Loom
12:44 Feudal Age
13:10 Double-Bit Axe
13:08 Horse Collar
24:01 Castle Age
25:26 Fletching
25:36 Padded Archer Armor
25:48 Forging
25:39 Scale Mail Armor
27:36 Squires
30:39 Wheelbarrow
31:38 Bow Saw
31:41 Heavy Plow
32:00 Crossbowman
35:32 Thumb Ring
OGSassy
5:25 Loom
9:25 Feudal Age
18:10 Castle Age
17:21 Double-Bit Axe
18:04 Horse Collar
26:59 Man-at-Arms
30:50 Wheelbarrow
30:01 Town Watch
30:47 Pikeman
34:56 Imperial Age
32:46 Heavy Plow
40436350
0:27 Loom
11:28 Feudal Age
18:31 Castle Age
30:30 Horse Collar
30:36 Double-Bit Axe
35:03 Ballistics
37:42 Imperial Age
Mauro Aurelio
4:29 Loom
5:21 Loom
13:22 Feudal Age
13:49 Double-Bit Axe
13:45 Horse Collar
15:56 Town Watch
21:04 Castle Age
21:32 Fletching
22:15 Bodkin Arrow
25:29 Bow Saw
25:24 Heavy Plow
31:09 Imperial Age
29:13 Treadmill Crane
30:26 Forging
30:20 Scale Mail Armor
30:44 Town Watch
30:59 Gold Mining
31:13 Squires
31:52 Masonry
31:50 Padded Archer Armor
32:31 Conscription
35:38 Wheelbarrow
36:15 Two-Man Saw
Connection lost

Rejoining the realm…

Still unreachable

The connection could not be restored.

Session expired

The server has moved on; the page needs a fresh start.